TOP OF THE 1ST |
---|
Kingston Iguanas batting - Pitching for Penquannock Overrated Jeter : RHP Dave Funk | Pitching: RHP Dave Funk | | Batting: LHB Marvin Nichols | 0-0: Ball 1-0: Ground out 4-3 (Groundball, 34D) | Batting: RHB Francisco Martínez | 0-0: Ball 1-0: Foul Ball, location: 2F 1-1: Swinging Strike 1-2: Strikes out swinging | Batting: LHB Jon Quinn | 0-0: Ball 1-0: Foul Ball, location: 2F 1-1: Foul Ball, location: 2F 1-2: Strikes out swinging | Top of the 1st over - 0 runs, 0 hits, 0 errors, 0 left on base; Kingston 0 - Penquannock 0 | BOTTOM OF THE 1ST |
---|
Penquannock Overrated Jeter batting - Pitching for Kingston Iguanas : RHP Doug Scott | Pitching: RHP Doug Scott | | Batting: SHB Cristián López | 0-0: Ball 1-0: Ball 2-0: DOUBLE (Line Drive, 7LS) | Batting: RHB Bernardo Enríquez | 0-0: Called Strike Error on foul ball, E3 0-2: Strikes out swinging | Batting: LHB Félix Costa | 0-0: Called Strike 0-1: Ball 1-1: Ball 2-1: Foul Ball, location: 2F 2-2: SINGLE (Flyball, 8LS) Cristián López to third | Batting: LHB Pete Weber | 0-0: Swinging Strike 0-1: Called Strike 0-2: Ball 1-2: Foul Ball, location: 2F 1-2: Foul Ball, location: 2F 1-2: Foul Ball, location: 2F 1-2: Ball 2-2: Strikes out looking | Batting: RHB Gary Wyatt | 0-0: Called Strike 0-1: Swinging Strike 0-2: Ball 1-2: Foul Ball, location: 2F 1-2: Foul Ball, location: 2F 1-2: Ball 2-2: Ball 3-2: SINGLE (Line Drive, 78S) Cristián López scores Félix Costa to second Félix Costa to third | Batting: LHB Matt Reese | 0-0: Called Strike 0-1: Called Strike 0-2: Ball 1-2: SINGLE (Line Drive, 6M) Félix Costa scores Gary Wyatt to second | Batting: SHB Francisco Ávila | 0-0: Ball 1-0: Called Strike 1-1: Fly out, F7 (Flyball, 7S) | Bottom of the 1st over - 2 runs, 4 hits, 1 error, 2 left on base; Kingston 0 - Penquannock 2 | TOP OF THE 2ND |
---|
Kingston Iguanas batting - Pitching for Penquannock Overrated Jeter : RHP Dave Funk | Batting: SHB John Beach | 0-0: Ball 1-0: Ball 2-0: Ball 3-0: Base on Balls | Batting: LHB Gustavo Gómez | 0-0: Ball 1-0: Ball 2-0: Swinging Strike 2-1: Ball 3-1: Base on Balls John Beach to second | Batting: RHB Bob Lee | 0-0: Called Strike 0-1: Swinging Strike 0-2: Foul Ball, location: 2F 0-2: Fly out, F9 (Flyball, 9D) Runner from 2nd tags up, SAFE at 3rd, no throw | Batting: RHB Tim Davis | 0-0: Ball 1-0: Ball 2-0: Ball 3-0: Called Strike 3-1: Called Strike 3-2: Strikes out swinging | Batting: RHB Bobby Armstrong | 0-0: Called Strike 0-1: Ball 1-1: Foul Ball, location: 2F 1-2: Ball 2-2: Foul Ball, location: 2F 2-2: Ball 3-2: Base on Balls Gustavo Gómez to second | Batting: SHB Júlio Valentín | 0-0: Ball 1-0: Fly out, F7 (Flyball, 78S) | Top of the 2nd over - 0 runs, 0 hits, 0 errors, 3 left on base; Kingston 0 - Penquannock 2 | BOTTOM OF THE 2ND |
---|
Penquannock Overrated Jeter batting - Pitching for Kingston Iguanas : RHP Doug Scott | Batting: RHB Phil Wright | 0-0: Swinging Strike 0-1: Ball 1-1: Fly out, F8 (Flyball, 8RD) | Batting: LHB Pepe González | 0-0: Ball 1-0: Ball 2-0: Ball 3-0: Foul Ball, location: 2F 3-1: Base on Balls | Batting: SHB Cristián López | 0-0: Called Strike 0-1: Swinging Strike 0-2: Ball 1-2: Strikes out swinging | Batting: RHB Bernardo Enríquez | 0-0: Called Strike 0-1: Ball 1-1: SINGLE (Line Drive, 6D) Pepe González to second | Batting: LHB Félix Costa | 0-0: Ball 1-0: Called Strike 1-1: Ball 2-1: Ball 3-1: Foul Ball, location: 2F 3-2: Base on Balls Pepe González to third Bernardo Enríquez to second | Batting: LHB Pete Weber | 0-0: Called Strike 0-1: SINGLE (Groundball, 34D) Pepe González scores Bernardo Enríquez to third Félix Costa to second | Batting: RHB Gary Wyatt | 0-0: Called Strike 0-1: Called Strike 0-2: Ball 1-2: Foul Ball, location: 2F 1-2: Ball 2-2: Ball 3-2: Base on Balls Bernardo Enríquez scores Félix Costa to third Pete Weber to second | Batting: LHB Matt Reese | 0-0: Called Strike 0-1: Ball 1-1: Swinging Strike 1-2: Strikes out swinging | Bottom of the 2nd over - 2 runs, 2 hits, 0 errors, 3 left on base; Kingston 0 - Penquannock 4 | TOP OF THE 3RD |
---|
Kingston Iguanas batting - Pitching for Penquannock Overrated Jeter : RHP Dave Funk | Batting: LHB Marvin Nichols | 0-0: Ball 1-0: Ball 2-0: Ball 3-0: Called Strike 3-1: Called Strike 3-2: Base on Balls | Batting: RHB Francisco Martínez | 0-0: Swinging Strike 0-1: Called Strike 0-2: Foul Ball, location: 2F 0-2: Ball 1-2: Ball 2-2: DOUBLE (Line Drive, 78S) Marvin Nichols to third Runner from 3rd tries for Home, SAFE, no throw | Batting: LHB Jon Quinn | 0-0: Ball 1-0: Called Strike 1-1: Foul Ball, location: 2F 1-2: Foul Ball, location: 2F 1-2: Foul Ball, location: 2F 1-2: Ball 2-2: Strikes out swinging | Batting: SHB John Beach | 0-0: Foul Ball, location: 2F 0-1: Ball 1-1: Ball 2-1: Foul Ball, location: 2F 2-2: Foul Ball, location: 2F 2-2: Foul Ball, location: 2F 2-2: Ball 3-2: Base on Balls | Pitching: LHP Héctor Díaz | | Batting: LHB Gustavo Gómez | 0-0: Ball 1-0: Called Strike 1-1: Swinging Strike 1-2: Foul Ball, location: 2F 1-2: Strikes out swinging | Batting: RHB Bob Lee | 0-0: SINGLE (Groundball, 6D) Francisco Martínez to third John Beach to second Runner from 3rd tries for Home, throw and OUT! | Top of the 3rd over - 1 run, 2 hits, 0 errors, 2 left on base; Kingston 1 - Penquannock 4 | BOTTOM OF THE 3RD |
---|
Penquannock Overrated Jeter batting - Pitching for Kingston Iguanas : RHP Doug Scott | Batting: SHB Francisco Ávila | 0-0: Ground out 3-1 (Groundball, 34) | Batting: RHB Phil Wright | 0-0: Swinging Strike 0-1: Ball 1-1: Ground out 1-3 (Groundball, 13) | Batting: LHB Pepe González | 0-0: Called Strike 0-1: Ball 1-1: SINGLE (Groundball, 34D) | Batting: SHB Cristián López | 0-0: Ball 1-0: Called Strike 1-1: Swinging Strike 1-2: Foul Ball, location: 2F 1-2: Foul Ball, location: 2F 1-2: Foul Ball, location: 2F 1-2: Ball 2-2: Strikes out looking | Bottom of the 3rd over - 0 runs, 1 hit, 0 errors, 1 left on base; Kingston 1 - Penquannock 4 | TOP OF THE 4TH |
---|
Kingston Iguanas batting - Pitching for Penquannock Overrated Jeter : LHP Héctor Díaz | Batting: RHB Tim Davis | 0-0: Ball 1-0: Ball 2-0: Foul Ball, location: 2F 2-1: Foul Ball, location: 2F 2-2: SINGLE (Groundball, 56S) (infield hit) | Batting: RHB Bobby Armstrong | 0-0: Fly out, F3 (Popup, 13) | Batting: SHB Júlio Valentín | 0-0: Ball 1-0: Fly out, F7 (Line Drive, 7LM) | Batting: LHB Marvin Nichols | 0-0: Ball 1-0: Swinging Strike 1-1: Swinging Strike 1-2: Strikes out swinging | Top of the 4th over - 0 runs, 1 hit, 0 errors, 1 left on base; Kingston 1 - Penquannock 4 | BOTTOM OF THE 4TH |
---|
Penquannock Overrated Jeter batting - Pitching for Kingston Iguanas : RHP Doug Scott | Batting: RHB Bernardo Enríquez | 0-0: Fly out, F8 (Flyball, 8RD) | Batting: LHB Félix Costa | 0-0: Ball 1-0: Swinging Strike 1-1: Swinging Strike 1-2: Ball 2-2: Foul Ball, location: 2F 2-2: Ball 3-2: Foul Ball, location: 2F 3-2: DOUBLE (Line Drive, 89D) | Batting: LHB Pete Weber | 0-0: Ball 1-0: Called Strike 1-1: Ball 2-1: Ball 3-1: Base on Balls | Pitching: RHP Edwin Manning | | Batting: RHB Gary Wyatt | 0-0: Called Strike Félix Costa steals 3rd base 0-1: Called Strike 0-2: Strikes out looking | Batting: LHB Matt Reese | 0-0: Called Strike 0-1: 3-RUN HOME RUN (Flyball, 9D), Distance : 360 ft | Batting: SHB Francisco Ávila | 0-0: Ball 1-0: Ground out U3 (Groundball, 23) | Bottom of the 4th over - 3 runs, 2 hits, 0 errors, 0 left on base; Kingston 1 - Penquannock 7 | TOP OF THE 5TH |
---|
Kingston Iguanas batting - Pitching for Penquannock Overrated Jeter : LHP Héctor Díaz | Batting: RHB Francisco Martínez | 0-0: Ball 1-0: Called Strike 1-1: Swinging Strike 1-2: Strikes out looking | Batting: LHB Jon Quinn | 0-0: Ball 1-0: Called Strike 1-1: Ball 2-1: Swinging Strike 2-2: Strikes out swinging | Batting: SHB John Beach | 0-0: Ball 1-0: Ball 2-0: Ball 3-0: Base on Balls | Batting: LHB Gustavo Gómez | 0-0: Called Strike 0-1: Foul Ball, location: 2F 0-2: Ball 1-2: Ball 2-2: Fly out, F8 (Flyball, 8LD) | Top of the 5th over - 0 runs, 0 hits, 0 errors, 1 left on base; Kingston 1 - Penquannock 7 | BOTTOM OF THE 5TH |
---|
Penquannock Overrated Jeter batting - Pitching for Kingston Iguanas : RHP Edwin Manning | Batting: RHB Phil Wright | 0-0: SINGLE (Line Drive, 9LS) | Batting: LHB Pepe González | 0-0: Ball 1-0: Fielders Choice at 2nd, 6-4 (Groundball, 6) | Batting: SHB Cristián López | 0-0: Ball 1-0: SINGLE (Line Drive, 56D) Pepe González to second | Batting: RHB Bernardo Enríquez | 0-0: Called Strike 0-1: Ball 1-1: Foul Ball, location: 2F 1-2: Strikes out swinging | Batting: LHB Félix Costa | 0-0: Called Strike 0-1: Ball 1-1: Ball 2-1: DOUBLE (Line Drive, 9LM) Pepe González scores Cristián López to third Runner from 3rd tries for Home, SAFE, no throw | Pinch Runner at 2nd Eric Powell: | | Batting: LHB Pete Weber | 0-0: Called Strike 0-1: Called Strike 0-2: Ball 1-2: Foul Ball, location: 2F 1-2: Strikes out swinging | Bottom of the 5th over - 2 runs, 3 hits, 0 errors, 1 left on base; Kingston 1 - Penquannock 9 | TOP OF THE 6TH |
---|
Kingston Iguanas batting - Pitching for Penquannock Overrated Jeter : LHP Héctor Díaz | Now in CF: Eric Powell | | Batting: RHB Bob Lee | 0-0: Ball 1-0: Swinging Strike 1-1: Swinging Strike 1-2: Strikes out swinging | Batting: RHB Tim Davis | 0-0: Foul Ball, location: 2F 0-1: Ball 1-1: Ball 2-1: Ball 3-1: Base on Balls | Batting: RHB Bobby Armstrong | 0-0: Ball 1-0: Ball 2-0: Called Strike 2-1: Ball 3-1: Base on Balls Tim Davis to second | Batting: SHB Júlio Valentín | 0-0: SINGLE (Groundball, 25) (infield hit) Tim Davis to third Bobby Armstrong to second | Batting: LHB Marvin Nichols | 0-0: Ball 1-0: Ball 2-0: Ball 3-0: Called Strike 3-1: Foul Ball, location: 2F 3-2: Base on Balls Tim Davis scores Bobby Armstrong to third Júlio Valentín to second | Batting: RHB Francisco Martínez | 0-0: Ball 1-0: Foul Ball, location: 2F 1-1: Called Strike 1-2: Fly out, F9 (Flyball, 89D) Runner from 3rd tags up, SCORES, throw made | Batting: LHB Jon Quinn | 0-0: Ball 1-0: Ball 2-0: Called Strike 2-1: Swinging Strike 2-2: DOUBLE (Line Drive, 9LM) Júlio Valentín scores Marvin Nichols to third | Batting: SHB John Beach | 0-0: Called Strike 0-1: Ball 1-1: Ball 2-1: Foul Ball, location: 2F 2-2: Strikes out swinging | Top of the 6th over - 3 runs, 2 hits, 0 errors, 2 left on base; Kingston 4 - Penquannock 9 | BOTTOM OF THE 6TH |
---|
Penquannock Overrated Jeter batting - Pitching for Kingston Iguanas : RHP Edwin Manning | Batting: RHB Gary Wyatt | 0-0: Ball 1-0: Ball 2-0: Ground out 6-3 (Groundball, 6) | Batting: LHB Matt Reese | 0-0: Called Strike 0-1: Ball 1-1: Ground out U3 (Groundball, 34S) | Batting: SHB Francisco Ávila | 0-0: Ground out 6-3 (Groundball, 6) | Bottom of the 6th over - 0 runs, 0 hits, 0 errors, 0 left on base; Kingston 4 - Penquannock 9 | TOP OF THE 7TH |
---|
Kingston Iguanas batting - Pitching for Penquannock Overrated Jeter : LHP Héctor Díaz | Batting: LHB Gustavo Gómez | 0-0: Foul Ball, location: 2F 0-1: Called Strike 0-2: Strikes out swinging | Batting: RHB Bob Lee | 0-0: Swinging Strike 0-1: Foul Ball, location: 2F 0-2: Strikes out swinging | Batting: RHB Tim Davis | 0-0: Ball 1-0: Ball 2-0: Ball 3-0: Called Strike 3-1: Fly out, F7 (Line Drive, 7) | Top of the 7th over - 0 runs, 0 hits, 0 errors, 0 left on base; Kingston 4 - Penquannock 9 | BOTTOM OF THE 7TH |
---|
Penquannock Overrated Jeter batting - Pitching for Kingston Iguanas : RHP Edwin Manning | Batting: RHB Phil Wright | 0-0: Ball 1-0: SOLO HOME RUN (Line Drive, 78XD), Distance : 394 ft | Pitching: RHP Bo Adams | | Batting: LHB Pepe González | 0-0: Foul Ball, location: 2F 0-1: Fly out, F4 (Flyball, 34D) | Batting: SHB Cristián López | 0-0: Called Strike 0-1: Foul Ball, location: 2F 0-2: DOUBLE (Line Drive, 9LS) | Batting: RHB Bernardo Enríquez | 0-0: Ball 1-0: Swinging Strike 1-1: Ball 2-1: Called Strike 2-2: Ball 3-2: Base on Balls | Batting: LHB Eric Powell | 0-0: Swinging Strike 0-1: Ball 1-1: Ball 2-1: Called Strike 2-2: Strikes out looking | Batting: LHB Pete Weber | 0-0: Swinging Strike 0-1: Ball Wild Pitch! Cristián López to third Bernardo Enríquez to second 1-1: Ball 2-1: Ground out U3 (Groundball, 3) | Bottom of the 7th over - 1 run, 2 hits, 0 errors, 2 left on base; Kingston 4 - Penquannock 10 | TOP OF THE 8TH |
---|
Kingston Iguanas batting - Pitching for Penquannock Overrated Jeter : LHP Héctor Díaz | Batting: RHB Bobby Armstrong | 0-0: Ball 1-0: Fly out, F3 (Line Drive, 34) | Batting: SHB Júlio Valentín | 0-0: Fly out, F8 (Flyball, 8RS) | Batting: LHB Marvin Nichols | 0-0: Ball 1-0: Ball 2-0: Foul Ball, location: 2F 2-1: Foul Ball, location: 2F 2-2: Ball 3-2: Ground out 6-3 (Groundball, 6M) | Top of the 8th over - 0 runs, 0 hits, 0 errors, 0 left on base; Kingston 4 - Penquannock 10 | BOTTOM OF THE 8TH |
---|
Penquannock Overrated Jeter batting - Pitching for Kingston Iguanas : RHP Bo Adams | Batting: RHB Gary Wyatt | 0-0: Ball 1-0: Foul Ball, location: 2F 1-1: Swinging Strike 1-2: Ball 2-2: Ball 3-2: Base on Balls | Batting: LHB Matt Reese | 0-0: Called Strike 0-1: Ball 1-1: Ball 2-1: Ball 3-1: Called Strike 3-2: Foul Ball, location: 2F 3-2: Fielders Choice at 2nd, 2-4 (Groundball, 2L) | Batting: SHB Francisco Ávila | 0-0: Ball 1-0: Ball 2-0: SINGLE (Groundball, 34D) Matt Reese to second Runner from 2nd tries for 3rd, SAFE, throw made to third | Batting: RHB Phil Wright | 0-0: Ball 1-0: Called Strike 1-1: Fielders Choice at 2nd, 4-6 (Groundball, 4) Matt Reese scores | Batting: LHB Pepe González | 0-0: Called Strike 0-1: Ball 1-1: SINGLE (Flyball, 9LS) Phil Wright to second Runner from 2nd tries for 3rd, SAFE, throw made to third | Batting: SHB Cristián López | 0-0: Foul Ball, location: 2F 0-1: Foul Ball, location: 2F 0-2: DOUBLE (Line Drive, 89XD) Phil Wright scores Pepe González to third | Batting: RHB Bernardo Enríquez | 0-0: Ball 1-0: Swinging Strike 1-1: SINGLE (Groundball, 6S) (infield hit) Pepe González scores Cristián López to third | Batting: LHB Eric Powell | 0-0: Ball 1-0: DOUBLE (Groundball, 5L) Cristián López scores Bernardo Enríquez to third | Batting: LHB Pete Weber | 0-0: Swinging Strike 0-1: Called Strike 0-2: Foul Ball, location: 2F 0-2: Ground out U3 (Groundball, 3) | Bottom of the 8th over - 4 runs, 5 hits, 0 errors, 2 left on base; Kingston 4 - Penquannock 14 | TOP OF THE 9TH |
---|
Kingston Iguanas batting - Pitching for Penquannock Overrated Jeter : LHP Héctor Díaz | Batting: RHB Francisco Martínez | 0-0: Ground out 1-3 (Groundball, 15S) | Batting: LHB Jon Quinn | 0-0: Foul Ball, location: 2F 0-1: SINGLE (Groundball, 25) (infield hit) | Batting: SHB John Beach | 0-0: Ball 1-0: Ball 2-0: Called Strike 2-1: Foul Ball, location: 2F 2-2: Fly out, F7 (Flyball, 7S) | Batting: LHB Gustavo Gómez | 0-0: Ball 1-0: Called Strike 1-1: Fielders Choice at 2nd, 6-4 (Groundball, 6) | Top of the 9th over - 0 runs, 1 hit, 0 errors, 1 left on base; Kingston 4 - Penquannock 14 | |